 Dungeon Crawl Stone Soup version 0.23-a0-408-g9d4b7ed (webtiles) character file.

128788 Konfused the Tortoise (level 16, -32/122 HPs)
             Began as a Demonspawn Abyssal Knight on Nov 8, 2018.
             Was the Champion of Lugonu.
             Killed from afar by a deep elf annihilator (67 damage)
             ... with a crystal spear
             ... on level 2 of the Elven Halls.
             The game lasted 02:07:44 (38375 turns).

Konfused the Tortoise (Demonspawn Abyssal Knight)  Turns: 38375, Time: 02:07:45

Health: -32/122    AC: 43    Str: 18    XL:     16   Next: 49%
Magic:  27/27      EV:  4    Int: 13    God:    Lugonu [******]
Gold:   2427       SH: 17    Dex: 14    Spells: 15/15 levels left

rFire    + + .     SeeInvis +   Z - +2 war axe (chop)
rCold    + . .     Gourm    .   L - +1 large shield {AC+3}
rNeg     + + +     Faith    .   g - +10 plate armour "Nyanwira" {-Cast rPois rN+ SInv}
rPois    +         Spirit   .   w - +0 Maxwell's etheric cage {RegenMP+ *Contam rElec MP+4}
rElec    +         Reflect  .   P - +2 cloak
rCorr    .         Harm     .   x - +2 pair of gloves
MR       +++..     NoCast   +   G - +0 pair of boots
Stlth    ..........             p - amulet of Esoomor {+Blink +Fly Regen+}
HPRegen  0.70/turn              J - ring of Xing {rF+ rN++ MR+ Str-3 Int+2} MPRegen 0.70/turn*
                                y - ring of protection from magic

@: no status effects
A: hooves 2, rugged brown scales 2, cold resistance 1, dopey 1, fire resistance
1, frail 1, nightstalker 1, strong 1
a: Depart the Abyss, Bend Space, Banish, Corrupt, Enter the Abyss, Brand Weapon
With Distortion, Renounce Religion, Evoke Blink, Evoke Flight


You were on level 2 of the Elven Halls.
You worshipped Lugonu.
Lugonu was exalted by your worship.
You were hungry.

You visited 5 branches of the dungeon, and saw 26 of its levels.
You visited the Abyss 1 time.
You also visited: Labyrinth, Sewer and Ice Cave.

You collected 3575 gold pieces.
You spent 1148 gold pieces at shops.

Inventory:

Hand Weapons
 a - a +2 war axe of electrocution
 b - a +4 scimitar of flaming
 Z - a +2 war axe of chopping (weapon)
Missiles
 m - 10 throwing nets (quivered)
 Q - 16 javelins
 W - 5 tomahawks of dispersal
Armour
 g - the +10 plate armour "Nyanwira" (worn) {-Cast rPois rN+ SInv}
   (You found it on level 3 of the Abyss)

   It protects you from poison.
   It protects you from negative energy.
   It lets you see invisible.
   It prevents spellcasting.
 w - the +0 Maxwell's etheric cage (worn) {RegenMP+ *Contam rElec MP+4}
   (You took it off Robin on level 2 of the Dungeon)

   It insulates you from electricity.
   It affects your magic capacity (+4).
   It causes magical contamination when unequipped.
 x - a +2 pair of gloves (worn)
 G - a +0 pair of boots (worn)
 L - a +1 large shield of protection (worn)
 P - a +2 cloak (worn)
Jewellery
 i - a +4 ring of evasion
 j - an uncursed ring of ice
 p - the amulet of Esoomor (around neck) {+Blink +Fly Regen+}
   (You found it in an ice cave)

   [amulet of regeneration]

   It lets you fly.
   It lets you blink.
   It increases your rate of regeneration.
 r - an uncursed ring of positive energy
 y - a ring of protection from magic (right hand)
 J - the ring of Xing (left hand) {rF+ rN++ MR+ Str-3 Int+2}
   (You found it on level 13 of the Dungeon)

   [ring of protection from magic]

   It affects your strength (-3).
   It affects your intelligence (+2).
   It protects you from fire.
   It greatly protects you from negative energy.
   It affects your resistance to hostile enchantments.
 X - an uncursed ring of positive energy
Wands
 d - a wand of digging (10)
 k - a wand of enslavement (8)
 F - a wand of acid (5)
 H - a wand of disintegration (19)
 Y - a wand of clouds (4)
Scrolls
 f - a scroll of enchant armour
 h - 7 scrolls of remove curse
 l - 4 scrolls of fog
 n - 6 scrolls of identify
 q - 2 scrolls of blinking
 s - 4 scrolls of immolation
 D - 3 scrolls of magic mapping
 E - 5 scrolls of teleportation
 K - a scroll of acquirement {unknown}
 R - a scroll of summoning
 V - 2 scrolls of fear
Potions
 e - 3 potions of invisibility
 o - 8 potions of flight
 t - 4 potions of might
 u - 3 potions of heal wounds
 v - 2 potions of haste
 z - 4 potions of curing
 A - a potion of agility
 B - 4 potions of ambrosia
 I - a potion of cancellation
 T - 3 potions of lignification
 U - 3 potions of brilliance
Miscellaneous
 M - a phial of floods
 N - a sack of spiders
Comestibles
 c - 51 rations
 C - a chunk of flesh


   Skills:
 + Level 12.8 Fighting
 - Level 1.5 Long Blades
 + Level 15.0 Axes
 - Level 16.0 Armour
 - Level 0.8 Dodging
 * Level 9.5 Shields
 - Level 10.0 Invocations
 - Level 0.3 Evocations


You had 15 spell levels left.
You didn't know any spells.
Your spell library contained the following spells:

 Spells                   Type           Power        Failure   Level  Hunger
 Animate Skeleton         Necr           N/A          100%        1    ##.....
 Freeze                   Ice            #...         100%        1    ##.....
 Pain                     Necr           #...         100%        1    ##.....
 Sting                    Conj/Pois      #...         100%        1    ##.....
 Summon Butterflies       Summ           #.......     100%        1    ##.....
 Summon Small Mammal      Summ           #...         100%        1    ##.....
 Poisonous Vapours        Pois/Air       #.....       100%        2    ###....
 Swiftness                Chrm/Air       #.......     100%        2    ###....
 Throw Frost              Conj/Ice       #.....       100%        2    ###....
 Mephitic Cloud           Conj/Pois/Air  #.......     100%        3    ####...
 Ozocubu's Armour         Chrm/Ice       #.......     100%        3    ####...
 Regeneration             Chrm/Necr      #.........   100%        3    ####...
 Tukima's Dance           Hex            #.......     100%        3    ####...
 Vampiric Draining        Necr           #.........   100%        3    ####...
 Animate Dead             Necr           N/A          100%        4    #####..
 Olgreb's Toxic Radiance  Pois           #.......     100%        4    #####..
 Summon Ice Beast         Ice/Summ       #.......     100%        4    #####..
 Summon Lightning Spire   Summ/Air       #.......     100%        4    #####..
 Throw Icicle             Conj/Ice       #.......     100%        4    #####..
 Summon Mana Viper        Hex/Summ       #.......     100%        5    ######.
 Venom Bolt               Conj/Pois      #.........   100%        5    ######.
 Dragon's Call            Summ           #.........   100%        9    #######
 Tornado                  Air            #.........   100%        9    #######


Dungeon Overview and Level Annotations

Branches:
Dungeon (15/15) Temple (1/1) D:5 Lair (6/6) D:8 Shoals (0/4) Lair:2 Spider (0/4) Lair:2 Slime (0/5) Lair:5 Orc (2/2) D:10 Elf (2/3) Orc:2 Vaults (0/5) D:12 D:13 Depths (0/5) D:15

Altars:
Ashenzari
Cheibriados
Dithmenos
Elyvilon
Fedhas
Gozag
Hepliaklqana
Kikubaaqudgha
Makhleb
Nemelex Xobeh
Okawaru
Qazlal
Ru
Sif Muna
Trog
Uskayaw
Vehumet
Wu Jian
Xom
Yredelemnul
Zin
The Shining One
Beogh
Jiyva

Shops:
D:6 (   D:8 *:?   D:9 (   Orc:1 *   Orc:2 !?}[   Elf:2 }

Portals:
Pandemonium: Orc:2

Annotations:
D:6 exclusion: 2 downstairs
D:10 3 runed doors, Mgcat's ghost, journeyman OpBe
D:12 exclusion: downstairs
Orc:1 exclusion: downstairs
Elf:1 exclusion: downstairs
Elf:2 3 runed doors, Asterion


Innate Abilities, Weirdness & Mutations

You have hoof-like feet.
You are mostly covered in rugged brown scales. (AC +2, +5% HP)
Your flesh is heat resistant. (rF+)
You are slightly more attuned to the shadows.
Your flesh is cold resistant. (rC+)
You are dopey. (Int -2)
You are frail. (-10% HP)
Your muscles are strong. (Str +2)


Message History

You closely miss the deep elf annihilator.
The deep elf annihilator is severely wounded.
The deep elf annihilator looks more healthy.
The deep elf annihilator is engulfed in noxious fumes.
The deep elf annihilator casts a spell at you.
You block the poison arrow.
The deep elf mage is engulfed in blazing flames.
The deep elf mage hits the deep elf annihilator but does no damage.
Your shield and plate armour "Nyanwira" prevent you from hitting the deep elf The deep elf annihilator is severely wounded.
The deep elf annihilator is engulfed in noxious fumes.
The deep elf annihilator hits you but does no damage.
The deep elf mage mumbles something.
You slash the deep elf annihilator!
The deep elf annihilator is almost dead.
The fire elemental disappears in a puff of smoke!
The deep elf annihilator points at you and mumbles some strange words.
The crystal spear hits you!
Ouch! That really hurt!
You die...

##.## ##.# ##.## ##...
##.## ### ##.... ##.##
#.# #..... .#
##.###)####...^. ...
##.#...#....^>. ....
##'...#.#...^.
..e..######......#.....
....§e@..'....))###....
...e.#####.......###...
.... ##.......####.#
... #.>......<###.# ..
#.............# .
###############


You could see a deep elf annihilator and 2 deep elf magi.

Vanquished Creatures
  Gastronok (Lair:1)
  A deep elf sorcerer (Elf:1)
  An orc warlord (Orc:2)
  A deep elf annihilator (Elf:2)
  A minotaur (Lab)
  Snorg (D:14)
  A deep elf high priest (Elf:1)
  A fire dragon (D:15)
  Josephine (Lair:4)
  A great orb of eyes (D:12)
  Fannar (Orc:1)
  A yaktaur captain (D:12)
  3 ice dragons
  7 hydras
  Harold (Lair:2)
  A centaur warrior (D:12)
  A merfolk avatar (Lair:6)
  A tengu warrior (D:14)
  2 two-headed ogres (D:12)
  The ghost of Voker57 the Nimble, a novice DsGl of Uskayaw (D:10)
  Erica (D:8)
  4 orc high priests (Orc:2)
  8 dancing weapons
  Urug (D:12)
  6 deep elf knights
  Sonja (D:11)
  A sixfirhy (Orc:2)
  A sea snake (Lair:6)
  4 unseen horrors
  A gelid demonspawn (Orc:2)
  2 wizards
  A lindwurm (Lair:6)
  8 deep elf archers
  An infernal demonspawn (Orc:2)
  A wolf spider zombie (D:13)
  3 harpies (Lair:6)
  25 deep elf magi
  An oklob plant (Lair:1)
  6 orc knights
  9 orc sorcerers (Orc:2)
  14 ugly things
  9 cyclopes
  2 elephants (Lair:6)
  2 ice statues (IceCv)
  6 black mambas
  5 spiny frogs
  A molten gargoyle (Lair:2)
  2 gargoyles
  10 rime drakes
  9 komodo dragons
  A freezing wraith (D:12)
  2 hellwings (Orc:2)
  A merfolk (Lair:2)
  A tengu conjurer (D:14)
  7 polar bears
  A jumping spider (Lair:2)
  A harpy zombie (D:14)
  4 hornets
  7 trolls
  12 blink frogs
  6 slime creatures
  10 dream sheep (Lair:6)
  6 hippogriffs
  4 redbacks (Lair:2)
  6 wraiths
  2 vampires (D:12)
  3 water elementals
  31 yaks
  7 wyverns
  16 humans (D:12)
  A fire elemental (Elf:1)
  2 basilisks
  2 steam dragons (D:13)
  Eustachio (D:3)
  13 vampire mosquitoes
  4 hungry ghosts
  A neqoxec (Orc:2)
  2 chaos spawn (Orc:2)
  7 wargs
  Menkaure (D:4)
  13 water moccasins
  13 porcupines
  38 orc warriors
  2 black bears
  An eye of draining (D:12)
  2 sky beasts
  25 ice beasts
  18 ogres
  4 phantoms
  9 wolves
  4 boggarts (D:14)
  15 centaurs
  21 crocodiles
  2 big kobolds
  An earth elemental (Elf:2)
  25 bullfrogs
  A gnoll sergeant (D:9)
  A water moccasin zombie (D:8)
  A wyvern skeleton (D:7)
  3 scorpions
  A water moccasin skeleton (D:4)
  7 killer bees
  8 wights
  8 howler monkeys
  12 electric eels
  8 crimson imps
  2 bullfrog zombies
  2 quasits
  7 centaur zombies
  7 hounds
  2 bullfrog skeletons
  4 centaur skeletons
  4 jellies
  24 orc priests
  Jessica (D:2)
  2 iguanas
  Natasha (thrice) (D:2)
  16 orc wizards
  8 worker ants
  2 bullfrog simulacra (D:12)
  2 hound skeletons (D:4)
  4 worker ant zombies
  Robin (D:2)
  7 gnolls
  11 adders
  7 shadow imps
  An ooze (D:2)
  3 dart slugs
  5 leopard geckos
  106 orcs
  5 giant cockroaches
  12 goblins (D:2)
  10 hobgoblins
  15 jackals
  3 quokkas
  8 bats
  A frilled lizard (D:2)
  A jackal skeleton (D:5)
  14 kobolds
  10 rats
  A fungus (Lair:4)
  2 plants (Lair:4)
892 creatures vanquished.

Vanquished Creatures (others)
  2 fungi (Lair:4)
  7 plants
9 creatures vanquished.

Grand Total: 901 creatures vanquished

Notes
Turn   | Place    | Note
-------+----------+-------------------------------------------
     0 | Abyss:1  | Konfused the Demonspawn Abyssal Knight began the quest for
                  | the Orb.
     0 | Abyss:1  | Reached XP level 1. HP: 18/18 MP: 2/2
    63 | Abyss:2  | Noticed a quasit
    89 | Abyss:2  | Noticed a worldbinder
    90 | Abyss:2  | Noticed a small abomination
    90 | Abyss:2  | Noticed an orc priest
    93 | Abyss:2  | Noticed a troll
    98 | Abyss:2  | Noticed a wretched star
   106 | Abyss:3  | Noticed a wretched star
   116 | Abyss:3  | Noticed a large abomination
   129 | Abyss:3  | Got an ancient plate armour
   140 | Abyss:3  | Identified the +10 plate armour "Nyanwira" {-Cast rPois rN+
                  | SInv} (You found it on level 3 of the Abyss)
   141 | Abyss:3  | Noticed a tentacled starspawn
   142 | D:1      | Escaped the Abyss
   261 | D:1      | Reached * piety under Lugonu
   510 | D:1      | Gained mutation: Your flesh is heat resistant. (rF+)
                  | [demonic ancestry]
   510 | D:1      | Reached XP level 2. HP: 24/24 MP: 3/3
   913 | D:2      | Reached skill level 2 in Armour
   933 | D:2      | Noticed Jessica
   940 | D:2      | Killed Jessica
   940 | D:2      | Reached XP level 3. HP: 27/29 MP: 4/4
  1144 | D:2      | Reached XP level 4. HP: 36/37 MP: 5/5
  1158 | D:2      | Found an ancient bone altar of Kikubaaqudgha.
  1353 | D:2      | Noticed Robin
  1392 | D:2      | Reached ** piety under Lugonu
  1431 | D:2      | Killed Robin
  1669 | D:2      | Found an opulent altar of Gozag.
  1708 | D:2      | Noticed Natasha
  1715 | D:2      | Killed Natasha
  1770 | D:2      | Noticed Natasha
  1795 | D:2      | Killed Natasha
  1795 | D:2      | Reached XP level 5. HP: 23/42 MP: 6/6
  1800 | D:2      | Noticed Natasha
  2045 | D:2      | Killed Natasha
  2045 | D:2      | Reached skill level 3 in Armour
  2378 | D:3      | You fall through a shaft for 3 floors!
  2378 | D:6      | Noticed a black bear
  2406 | D:6      | Killed a black bear
  2406 | D:6      | Reached XP level 6. HP: 38/48 MP: 7/7
  2450 | D:6      | Reached skill level 5 in Axes
  2506 | D:6      | Found Bapnock's Weapon Shoppe.
  2524 | D:6      | Bought a +0 war axe for 49 gold pieces
  2540 | D:6      | Reached skill level 4 in Armour
  2540 | D:6      | Reached XP level 7. HP: 33/54 MP: 8/8
  2659 | D:6      | Found a glowing drain.
  2674 | Sewer    | Entered a sewer
  3104 | Sewer    | Found a white marble altar of Elyvilon.
  3185 | Sewer    | Gained mutation: You are clumsy. (Dex -2) [potion of
                  | mutation]
  3185 | Sewer    | Gained mutation: You are weak. (Str -2) [potion of
                  | mutation]
  3185 | Sewer    | Gained mutation: Your flesh is cold resistant. (rC+)
                  | [potion of mutation]
  3224 | D:5      | Entered Level 5 of the Dungeon
  3229 | D:5      | Found a staircase to the Ecumenical Temple.
  3459 | Temple   | Entered the Ecumenical Temple
  3908 | D:6      | Reached *** piety under Lugonu
  3922 | D:6      | Reached XP level 8. HP: 52/60 MP: 9/9
  4253 | D:6      | Found a basalt altar of Yredelemnul.
  4443 | D:6      | Found a radiant altar of Vehumet.
  4534 | D:6      | Found a white marble altar of Elyvilon.
  4830 | D:5      | Found a bloodstained altar of Trog.
  4832 | D:5      | Found a shadowy altar of Dithmenos.
  4834 | D:5      | Found a shattered altar of Ashenzari.
  4835 | D:5      | Found an iron altar of Okawaru.
  4836 | D:5      | Found a hide-covered altar of Uskayaw.
  5521 | D:4      | Noticed Eustachio
  5561 | D:3      | Killed Eustachio
  6217 | D:4      | Reached **** piety under Lugonu
  6506 | D:4      | Noticed Menkaure
  6519 | D:4      | Killed Menkaure
  6519 | D:4      | Gained mutation: You are partially covered in rugged brown
                  | scales. (AC +1, +3% HP) [demonic ancestry]
  6519 | D:4      | Reached XP level 9. HP: 43/66 MP: 12/12
  6921 | D:6      | Reached skill level 5 in Armour
  7891 | D:7      | Reached skill level 10 in Axes
  8520 | D:8      | Found a glowing golden altar of the Shining One.
  8539 | D:8      | Found Ofuleluxea's Magic Scroll Boutique.
  8549 | D:8      | Bought a scroll of brand weapon for 200 gold pieces
  8813 | D:8      | Found Ikhiurack's General Store.
  8872 | D:8      | Found Neqo's Book Boutique.
  8899 | D:8      | Noticed Erica
  8924 | D:8      | Killed Erica
  8924 | D:8      | Reached skill level 5 in Fighting
  8981 | D:8      | Reached XP level 10. HP: 76/76 MP: 13/13
  9033 | D:8      | Found a staircase to the Lair.
  9053 | D:8      | Found an ornate altar of the Wu Jian Council.
  9110 | D:8      | Reached skill level 6 in Armour
  9435 | D:9      | Found Iregacomp's Antique Weapon Shop.
  9450 | D:9      | Noticed an unseen horror
  9470 | D:9      | Killed an unseen horror
  9827 | D:9      | Reached ***** piety under Lugonu
 10291 | D:9      | Found a hazy altar of Hepliaklqana.
 10552 | D:10     | Entered Level 10 of the Dungeon
 10552 | D:10     | Found a runed gate.
 10552 | D:10     | Found a runed gate.
 10552 | D:10     | Found a runed gate.
 11263 | D:10     | Found a staircase to the Orcish Mines.
 11532 | D:10     | Noticed Mgcat's ghost (journeyman OpBe)
 12051 | D:11     | Noticed a cyclops
 12051 | D:11     | Noticed Sonja
 12053 | D:11     | Killed Sonja
 12053 | D:11     | Reached skill level 7 in Armour
 12053 | D:11     | Reached skill level 5 in Invocations
 12053 | D:11     | Reached XP level 11. HP: 85/85 MP: 14/14
 12269 | D:11     | Noticed a purple ugly thing
 12272 | D:11     | Noticed a brown ugly thing
 12293 | D:11     | Killed a cyan ugly thing
 12321 | D:11     | Killed a purple ugly thing
 12774 | D:12     | Found a snail-covered altar of Cheibriados.
 13015 | D:12     | Noticed a wizard
 13030 | D:12     | Noticed a yaktaur captain
 13031 | D:12     | Killed a wizard
 13048 | D:12     | Killed a yaktaur captain
 13317 | D:12     | Noticed an unseen horror
 13326 | D:12     | Killed an unseen horror
 13446 | D:12     | Noticed an unseen horror
 13479 | D:12     | Killed an unseen horror
 14153 | D:13     | Found a gate to the Vaults.
 14153 | D:13     | Noticed a great orb of eyes
 14153 | D:13     | Noticed a centaur warrior
 14153 | D:13     | Noticed a two-headed ogre
 14153 | D:13     | Noticed Urug
 14197 | D:13     | Noticed a two-headed ogre
 14208 | D:12     | Killed a two-headed ogre
 14208 | D:12     | Gained mutation: You have large cloven feet. [demonic
                  | ancestry]
 14208 | D:12     | Reached XP level 12. HP: 24/94 MP: 10/17
 14232 | D:12     | Killed a great orb of eyes
 14233 | D:12     | Reached skill level 8 in Armour
 14624 | D:12     | Killed a two-headed ogre
 14788 | D:12     | Reached ****** piety under Lugonu
 15104 | D:12     | Killed a centaur warrior
 15110 | D:12     | Killed Urug
 15129 | D:13     | Reached skill level 9 in Armour
 15469 | D:13     | Got a transparent tin ring
 15471 | D:13     | Identified the ring of Xing {rF+ rN++ MR+ Str-3 Int+2} (You
                  | found it on level 13 of the Dungeon)
 16037 | D:13     | Reached skill level 10 in Invocations
 16341 | D:13     | Reached skill level 10 in Armour
 16505 | D:14     | Noticed Snorg
 16761 | D:14     | Noticed a seven-headed hydra
 17018 | D:14     | Noticed a six-headed hydra
 17049 | D:14     | Killed a one-headed hydra
 17049 | D:14     | Gained mutation: You are mostly covered in rugged brown
                  | scales. (AC +2, +5% HP) [demonic ancestry]
 17049 | D:14     | Reached XP level 13. HP: 51/103 MP: 16/20
 17469 | D:14     | Killed Snorg
 17469 | D:14     | Reached skill level 11 in Armour
 17795 | D:14     | Reached skill level 1 in Long Blades
 18414 | D:14     | Reached skill level 12 in Armour
 18940 | D:15     | Entered Level 15 of the Dungeon
 19918 | D:15     | Reached skill level 13 in Armour
 20319 | D:15     | Noticed a fire dragon
 20346 | D:15     | Killed a fire dragon
 20651 | D:15     | Found a staircase to the Depths.
 20945 | Lair:1   | Entered Level 1 of the Lair of Beasts
 21290 | Lair:1   | Noticed Gastronok
 21319 | Lair:1   | Killed Gastronok
 21358 | Lair:1   | Found a shimmering altar of Xom.
 22129 | Lair:2   | Reached skill level 14 in Armour
 22129 | Lair:2   | Gained mutation: You have hoof-like feet. [demonic
                  | ancestry]
 22129 | Lair:2   | Reached XP level 14. HP: 108/111 MP: 21/21
 22774 | Lair:2   | Got a faintly glowing scale mail
 22775 | Lair:2   | Identified the cursed +0 scale mail of the Hall of Blades
                  | {rElec} (You found it on level 2 of the Lair of Beasts)
 23612 | Lair:2   | Found a hole to the Spider Nest.
 23740 | Lair:2   | Noticed Harold
 23771 | Lair:2   | Killed Harold
 23794 | Lair:2   | Reached skill level 1 in Shields
 23927 | Lair:2   | Found a staircase to the Shoals.
 24769 | Lair:3   | Found a shattered altar of Ashenzari.
 25274 | Lair:3   | Reached skill level 15 in Armour
 25783 | Lair:4   | Found a frozen archway.
 25811 | IceCv    | Entered an ice cave
 26629 | IceCv    | Got a brightly glowing lead amulet
 26661 | IceCv    | Identified the amulet of Esoomor {+Blink +Fly Regen+} (You
                  | found it in an ice cave)
 27119 | Lair:4   | Noticed Josephine
 27137 | Lair:4   | Reached skill level 10 in Fighting
 27160 | Lair:4   | Killed Josephine
 27804 | Lair:5   | Found a viscous altar of Jiyva.
 27804 | Lair:5   | Found a staircase to the Slime Pits.
 28277 | Lair:6   | Entered Level 6 of the Lair of Beasts
 28481 | Lair:6   | Gained mutation: You are slightly more attuned to the
                  | shadows. [demonic ancestry]
 28481 | Lair:6   | Reached XP level 15. HP: 64/123 MP: 22/22
 28660 | Lair:6   | Found a labyrinth entrance.
 28671 | Lab      | Entered a labyrinth
 29189 | Lab      | Identified the +10 falchion of Gluttony {slice, Int+3}
 29621 | Lair:6   | Found the +5 robe of Night {Dark MR+ SInv}
 29652 | Lair:6   | Lost mutation: You are weak. (Str -2) [potion of mutation]
 29652 | Lair:6   | Lost mutation: Your flesh is cold resistant. (rC+) [potion
                  | of mutation]
 29652 | Lair:6   | Lost mutation: You are clumsy. (Dex -2) [potion of
                  | mutation]
 29652 | Lair:6   | Gained mutation: You are dopey. (Int -2) [potion of
                  | mutation]
 29652 | Lair:6   | Gained mutation: Your flesh is cold resistant. (rC+)
                  | [potion of mutation]
 29652 | Lair:6   | Gained mutation: You are frail. (-10% HP) [potion of
                  | mutation]
 29652 | Lair:6   | Gained mutation: Your muscles are strong. (Str +2) [potion
                  | of mutation]
 30257 | Orc:1    | Entered Level 1 of the Orcish Mines
 30487 | Orc:1    | Noticed Fannar
 30515 | Orc:1    | Killed Fannar
 30647 | Orc:1    | Found a runed gate.
 30648 | Orc:1    | Found a runed gate.
 30648 | Orc:1    | Found an opulent altar of Gozag.
 30656 | Orc:1    | Found a runed gate.
 30665 | Orc:1    | Found Tonul's Assorted Antiques.
 30665 | Orc:1    | Noticed Voker57's ghost (novice DsGl)
 30741 | Orc:1    | Found a burning altar of Makhleb.
 31203 | Orc:1    | Found a radiant altar of Vehumet.
 31536 | D:10     | Killed Voker57's ghost
 31617 | Orc:1    | Bought a fine hand axe for 208 gold pieces
 31617 | Orc:1    | Identified the +2 hand axe of Resourcefulness {freeze,
                  | *Drain Dex+4} (You bought it in a shop on level 1 of the
                  | Orcish Mines)
 31647 | Orc:2    | Entered Level 2 of the Orcish Mines
 31660 | Orc:2    | Noticed an orc warlord
 31661 | Orc:2    | Reached skill level 5 in Shields
 32108 | Orc:2    | Killed an orc warlord
 32265 | Orc:2    | Found a staircase to the Elven Halls.
 34234 | Orc:2    | Found Utuanod's Magic Scroll Emporium.
 34373 | Orc:2    | Found Heh Liga's Distillery.
 34379 | Orc:2    | Bought a scroll of magic mapping for 45 gold pieces
 34381 | Orc:2    | Bought a potion of haste for 120 gold pieces
 34381 | Orc:2    | Bought a potion of invisibility for 96 gold pieces
 34381 | Orc:2    | Bought a potion of haste for 120 gold pieces
 34381 | Orc:2    | Bought 2 potions of heal wounds for 120 gold pieces
 35033 | Orc:2    | Found Wolurryus's Gadget Boutique.
 35033 | Orc:2    | Found a one-way gate leading to the halls of Pandemonium.
 35033 | Orc:2    | Found Ashrunn's Antique Armour Shop.
 35084 | Orc:2    | Reached skill level 16 in Armour
 35238 | Orc:2    | Found a roughly hewn altar of Beogh.
 35309 | Orc:2    | Found a deep blue altar of Sif Muna.
 35322 | Orc:2    | Identified Sif Muna's Handbook of Calling
 35507 | Orc:2    | Bought a shimmering chain mail for 190 gold pieces
 35507 | Orc:2    | Identified the cursed +0 chain mail "Suzuigeth" {Int+4}
                  | (You bought it in a shop on level 2 of the Orcish Mines)
 35562 | Elf:1    | Entered Level 1 of the Elven Halls
 35923 | Elf:1    | Reached XP level 16. HP: 102/122 MP: 23/23
 35978 | Elf:1    | HP: 6/122 [redback[a deep elf mage] (10)]
 36837 | Elf:1    | Found a deep blue altar of Sif Muna.
 37076 | Elf:1    | Identified the Almanac of Slavery
 37321 | Elf:2    | Noticed Asterion
 37656 | Elf:2    | Identified Ts'ui Pên's Tome of Forking Paths
 37665 | Elf:2    | Identified the Incunabulum of Combed Thunderclap
 37742 | Elf:2    | Found Hekittis's Gadget Emporium.
 38081 | Elf:2    | Found a runed gate.
 38081 | Elf:2    | Found a runed gate.
 38081 | Elf:2    | Found a runed gate.
 38169 | Elf:2    | Identified Piafiarr's Papyrus of Sand
 38362 | Elf:2    | Reached skill level 15 in Axes
 38375 | Elf:2    | Killed from afar by a deep elf annihilator

Vault maps used:
D:1:      sevenhm_arrival_forest_fort_large_2
D:2:      old_standard_altar, kiku_gazebo_pond_becter, kennysheep_jessica_study,
          uniq_jessica, uniq_natasha, uniq_robin
D:3:      first_ration
D:4:      serial_column_ruins, column_ruins_grid_2, column_ruins_grid_1,
          column_ruins_columns_corner, column_ruins_corridor_water,
          column_ruins_open_small, uniq_eustachio, uniq_menkaure
D:5:      grunt_temple_overflow_open, minmay_temple_entry_from_below_a
D:6:      kennysheep_ying_yang, marbit_many_paths, serial_shops, shop,
          portal_sewer_entry_d, st_stairs_9, moated_statue, grunt_ministairs_10,
          minmay_misc_feat_doors
D:8:      overflow_temple_1_default, dpeg_oklobed_lair, serial_shops, shop,
          shop, shop, grunt_ogre_cave, tso_metal_star, uniq_erica
D:9:      kennysheep_mini, serial_shops, shop_statue
D:10:     kennysheep_steamy, gammafunk_ghost_necromancy
D:11:     uniq_sonja
D:12:     minmay_the_grid_triangle_9x9_recursive_2_mashed, cheibriados_altar_1
D:13:     david_vaults_3, minivault_25
D:14:     serial_glass, glass_columns_a, glass_columns_c, chequers_jeans,
          uniq_snorg
D:15:     grunt_enter_depths_hoard, grunt_decor_one_mirror,
          chequers_serial_rivers_small_3
Temple:   cyrus_temple_forest
Lair:1:   lemuel_oklob_altar, infiniplex_staircase_pool_2, uniq_gastronok
Lair:2:   elwin_shoals_entry_rooms, nicolae_spider_entry_tight_spaces,
          uniq_harold
Lair:3:   basic_altar, eino_small_chamber_without_monster, beast_lair_carwin_1
Lair:4:   serial_bayou, serial_bayou_pond_b, serial_bayou_lake_a,
          serial_bayou_pond_b, serial_bayou_shore_a, serial_bayou_pond_a,
          portal_ice_cave_entry_ice_beasts, uniq_josephine
Lair:5:   dpeg_slime_entry_enclosed_altar
Lair:6:   gammafunk_lair_ancient_temple, lab_entry_generic,
          grunt_forest_stairs_basic, serial_bayou_pond_e, st_stairs_4
Orc:1:    ebering_ghost_gozag, hangedman_feature_mirror, uniq_fannar
Orc:2:    pf_orc_diabolical, basic_altar, led_sif_book
Elf:1:    elf_arrival_001, basic_altar, minmay_elf_demonology
Elf:2:    serial_shops, nicolae_shop_waterfront, bh_hangedman_babel_library,
          uniq_agnes, uniq_asterion, uniq_donald
Abyss:1:  hangedman_abyss_monster_moat, grunt_abyss_exit_deep_breaths
Abyss:3:  nicolae_abyss_rune_left_handed
Lab:      labyrinth_watery, nicolae_lab_dead_end, nicolae_lab_arrow,
          labyrinth_skeletal_remains, nicolae_lab_x
Sewer:    sewer_kobolds
IceCv:    ice_cave_small_dragons

Skill      XL: |  1  2  3  4  5  6  7  8  9 10 11 12 13 14 15 16 |
---------------+-------------------------------------------------+-----
Axes           | 2 3 4 5 7 9 11 12 13 14 15 | 15.0
Armour         | 2 3 4 5 7 10 14 15 16 | 16.0
Fighting       | 4 5 6 8 11 12 | 12.8
Invocations    | 4 5 7 10 | 10.0
Long Blades    | 1 |  1.5
Shields        | 4 7 9 |  9.5
Dodging        | |  0.8
Evocations     | |  0.3

Action                   |  1- 3 |  4- 6 |  7- 9 | 10-12 | 13-15 | 16-18 || total
-------------------------+-------+-------+-------+-------+-------+-------++-------
Melee: Hand axe          |    86 |   185 |       |       |       |       ||   271
       War axe           |       |     3 |   662 |  1007 |  2391 |   396 ||  4459
       Kick              |       |       |       |    95 |   379 |       ||   474
       Scimitar          |       |       |       |     9 |    36 |       ||    45
Throw: Tomahawk          |       |     3 |     4 |    17 |    12 |       ||    36
Invok: Depart the Abyss  |     1 |       |       |       |       |       ||     1
       Bend Space        |       |       |     3 |       |       |       ||     3
       Banish            |       |       |       |       |       |     1 ||     1
 Abil: Evoke Flight      |       |       |       |       |     2 |       ||     2
Evoke: Wand              |       |       |    11 |    14 |     3 |     4 ||    32
       Phial of floods   |       |       |       |       |     1 |       ||     1
  Use: Scroll            |       |     5 |    10 |     7 |    18 |       ||    40
       Potion            |       |     2 |     9 |     2 |     8 |     2 ||    23
 Stab: Distracted        |       |       |       |       |     1 |       ||     1
  Eat: Chunk             |     1 |     4 |    28 |    38 |    49 |     5 ||   125
       Ration            |       |       |     1 |       |     3 |     1 ||     5
Armor: Plate armour      |   103 |   204 |   626 |   610 |  1781 |   217 ||  3541
Dodge: Dodged            |    26 |    72 |   459 |   530 |   836 |    29 ||  1952
Block: Buckler           |       |       |       |       |   191 |       ||   191
       Large shield      |       |       |       |       |   494 |   271 ||   765
       Rpst.: Scimitar   |       |       |       |     1 |     6 |       ||     7

Table legend:
 A = Non-vault XP
 B = Vault XP
 C = Vault XP percentage of total XP
 D = Non-vault monster count
 E = Vault monster count
 F = Vault count percentage of total count
                 A         B        C        D         E       F
            +---------+---------+-------+---------+---------+-------
      Total |  112371 |   71612 |  38.9 |     650 |     239 |  26.9
            +---------+---------+-------+---------+---------+-------
        D:1 |      16 |       0 |   0.0 |      10 |       0 |   0.0
        D:2 |     134 |     110 |  45.1 |      23 |      15 |  39.5
        D:3 |     107 |     185 |  63.4 |      16 |       1 |   5.9
        D:4 |     330 |     169 |  33.9 |       9 |       1 |  10.0
        D:5 |     328 |     121 |  26.9 |      12 |       2 |  14.3
        D:6 |    1446 |     210 |  12.7 |      35 |       4 |  10.3
        D:7 |     623 |       0 |   0.0 |      17 |       0 |   0.0
        D:8 |    1040 |     986 |  48.7 |      34 |       2 |   5.6
        D:9 |    1425 |       0 |   0.0 |      19 |       0 |   0.0
       D:10 |    2363 |    1040 |  30.6 |      34 |       2 |   5.6
       D:11 |    3800 |     795 |  17.3 |      32 |       1 |   3.0
       D:12 |    5056 |   10447 |  67.4 |      34 |      33 |  49.3
       D:13 |    8468 |     374 |   4.2 |      38 |       2 |   5.0
       D:14 |    9138 |    1173 |  11.4 |      34 |       1 |   2.9
       D:15 |    7534 |    2079 |  21.6 |      24 |       2 |   7.7
     Temple |     136 |       0 |   0.0 |       1 |       0 |   0.0
     Lair:1 |    3702 |    2840 |  43.4 |      15 |       2 |  11.8
     Lair:2 |    8217 |    2441 |  22.9 |      34 |       7 |  17.1
     Lair:3 |    5292 |    1006 |  16.0 |      19 |       9 |  32.1
     Lair:4 |    5444 |    3856 |  41.5 |      32 |      16 |  33.3
     Lair:5 |    2509 |       0 |   0.0 |      13 |       0 |   0.0
     Lair:6 |    7116 |   11681 |  62.1 |      22 |      31 |  58.5
      Orc:1 |    5197 |    1745 |  25.1 |      69 |       6 |   8.0
      Orc:2 |    5730 |   14726 |  72.0 |      32 |      56 |  63.6
      Elf:1 |   13389 |    5676 |  29.8 |      20 |       9 |  31.0
      Elf:2 |   13831 |    2983 |  17.7 |      22 |       4 |  15.4
        Lab |       0 |    1815 | 100.0 |       0 |       4 | 100.0
      Sewer |       0 |     111 | 100.0 |       0 |       9 | 100.0
      IceCv |       0 |    5043 | 100.0 |       0 |      20 | 100.0
            +---------+---------+-------+---------+---------+-------
